Map: Jagannatha LE

Players

Serral - Winner!

  • Race: Zerg Zerg

Lambo

  • Race: Zerg Zerg

Event: DreamHack SC2 Masters 2021 Fall

VOD

Have the link to the VOD?

Description

Time

  • Played on: Aug. 8, 2021, 1:40 p.m.
  • Length: 12:34

All games in this series

Show
View Real Time Build Order
Export as new Build Order

Serral Zerg - Winner!

Build Orders: Hatch First 

Get SALT Encoding   

  12  0:00  Drone  
  13  0:11  Overlord  
  13  0:16  Drone  
  14  0:30  Drone x2  
  16  0:48  Hatchery  
  15  0:52  Drone  
  15  0:55  Drone  
  17  0:58  Drone  
  18  1:08  Extractor  
  17  1:13  Spawning Pool  
  17  1:17  Drone  
  17  1:20  Drone  
  18  1:27  Drone  
  19  1:38  Drone  
  20  1:56  Drone  
  20  2:00  Queen x2, Zergling x2  
  20  2:01  Overlord  
  26  2:08  Metabolic Boost  
  26  2:10  Drone  
  26  2:11  Drone  
  28  2:21  Drone x2  
  30  2:32  Zergling x2  
  31  2:38  Hatchery  
  31  2:40  Drone  
  31  2:47  Drone  
  31  2:48  Baneling Nest  
  31  2:51  Overlord  
  31  2:57  Drone x2  
  33  3:05  Zergling x4  
  35  3:09  Zergling x6  
  35  3:10  Zergling x2  
  35  3:12  Zergling x2  
  40  3:14  Zergling x2  
  40  3:19  Overlord  
  41  3:22  Zergling x2  
  42  3:28  Drone  
  42  3:29  Drone  
  42  3:32  Baneling x2  
  44  3:42  Drone x6  
  50  3:51  Evolution Chamber  
  50  3:55  Drone x5  
  54  4:00  Overlord  
  53  4:05  Queen  
  53  4:08  Drone x2  
  56  4:16  Zerg Missile Weapons Level 1, Roach Warren  
  55  4:19  Drone x2  
  55  4:23  Extractor  
  56  4:24  Extractor, Overlord  
  56  4:25  Drone  
  56  4:27  Drone  
  49  4:31  Drone x2  
  49  4:33  Drone  
  49  4:34  Drone  
  49  4:38  Drone  
  54  4:40  Drone x2  
  54  4:43  Drone x2  
  57  4:47  Drone x2  
  57  4:51  Drone x2  
  62  5:00  Drone x2  
  62  5:04  Drone x2, Lair  
  62  5:05  Drone  
  67  5:07  Drone, Extractor  
  67  5:12  Overlord  
  67  5:14  Drone  
  67  5:18  Overlord  
  67  5:20  Drone x2  
  69  5:21  Overlord  
  69  5:22  Drone  
  69  5:26  Roach x2  
  73  5:30  Spine Crawler  
  73  5:32  Roach, Spine Crawler  
  73  5:34  Roach  
  75  5:40  Roach x3  
  81  5:45  Roach x2  
  81  5:46  Roach  
  86  5:54  Roach  
  86  5:56  Roach x2  
  92  5:57  Spine Crawler  
  92  6:00  Roach x2  
  95  6:05  Spine Crawler  
  95  6:06  Roach  
  96  6:15  Overlord, Roach x2  
  96  6:16  Overlord x2  
  98  6:20  Spine Crawler  
  97  6:35  Roach x8  
  108  6:44  Roach x4  
  104  6:53  Roach x4  
  102  6:58  Roach x2  
  95  7:06  Roach x2  
  83  7:10  Roach, Glial Reconstitution  
  85  7:15  Roach x2  
  85  7:19  Zerg Missile Weapons Level 2  
  81  7:27  Roach x3  
  87  7:31  Queen  
  87  7:34  Baneling  
  87  7:35  Overseer  
  89  7:37  Queen  
  89  7:43  Queen  
  91  7:48  Overseer  
  91  7:50  Spire  
  89  7:55  Drone x3  
  92  8:01  Drone x3  
  95  8:09  Drone x2  
  95  8:10  Drone x3  
  100  8:18  Overlord  
  100  8:19  Drone x2  
  102  8:28  Overlord  
  102  8:29  Roach x2  
  106  8:35  Roach  
  106  8:41  Drone x2, Extractor x2  
  109  8:45  Overlord  
  106  9:01  Mutalisk x9  
  118  9:04  Mutalisk  
  120  9:10  Zerg Flyer Weapons Level 1  
  120  9:11  Drone  
  120  9:13  Roach  
  120  9:14  Roach  
  129  9:24  Roach x4  
  129  9:25  Ravager  
  134  9:32  Roach x4  
  134  9:35  Overlord  
  134  9:38  Overlord  
  142  9:47  Overlord  
  139  9:57  Roach x7  
  139  9:58  Roach  
  141  10:01  Roach  
  128  10:08  Roach x2  
  128  10:09  Roach  
  116  10:15  Roach x4  
  116  10:20  Roach  
  116  10:34  Drone, Hatchery  
  116  10:36  Roach  
  116  10:41  Roach x2  
  116  10:42  Roach  
  124  10:51  Roach x5  
  134  11:02  Roach x3  
  134  11:03  Ravager  
  142  11:04  Ravager x4  
  147  11:11  Roach x2  
  147  11:12  Roach  
  147  11:16  Roach  
  147  11:17  Roach, Overseer  
  155  11:20  Overlord  
  155  11:22  Overlord  
  155  11:28  Ravager x2  
  155  11:32  Roach x2  
  161  11:35  Overlord  
  165  11:40  Roach x3  
  165  11:46  Roach x2  
  165  11:47  Roach x2  
  175  11:57  Roach x4  
  175  11:58  Ravager  
  175  11:59  Ravager x3  
Show
View Real Time Build Order
Export as new Build Order

Lambo Zerg 

Build Orders: Hatch First 

Get SALT Encoding   

  12  0:00  Drone  
  13  0:13  Overlord  
  13  0:17  Drone  
  14  0:31  Drone x2  
  16  0:48  Hatchery  
  15  0:51  Drone  
  15  0:55  Drone  
  17  0:58  Drone  
  18  1:09  Extractor  
  17  1:13  Spawning Pool  
  17  1:17  Drone  
  17  1:20  Drone  
  18  1:28  Drone  
  19  1:39  Drone  
  20  1:50  Drone  
  21  1:59  Queen  
  21  2:00  Queen  
  21  2:01  Zergling x2, Overlord  
  26  2:10  Metabolic Boost  
  26  2:11  Drone  
  26  2:12  Drone  
  28  2:22  Drone  
  29  2:23  Zergling x2  
  30  2:33  Drone x2  
  32  2:39  Hatchery  
  32  2:43  Drone  
  32  2:47  Baneling Nest  
  31  2:51  Overlord  
  31  2:57  Drone  
  31  2:58  Drone  
  33  3:07  Drone x3  
  33  3:10  Zergling x6  
  33  3:12  Drone  
  40  3:18  Queen  
  42  3:23  Overlord  
  42  3:26  Drone  
  43  3:31  Baneling x3, Evolution Chamber  
  42  3:34  Zergling x2  
  42  3:37  Baneling x2  
  42  3:38  Zergling x2  
  44  3:44  Zergling x6  
  44  3:47  Zergling x2  
  44  3:48  Zergling x2  
  49  4:00  Drone x6  
  49  4:02  Drone  
  56  4:11  Baneling x2  
  56  4:12  Drone x2  
  56  4:15  Overlord  
  58  4:19  Roach Warren  
  58  4:22  Drone  
  58  4:24  Extractor  
  58  4:26  Extractor  
  58  4:28  Zerg Missile Weapons Level 1  
  58  4:30  Drone x3  
  58  4:34  Overlord  
  58  4:35  Drone  
  58  4:37  Drone x3  
  62  4:39  Drone  
  62  4:42  Overlord  
  62  4:43  Drone  
  62  4:45  Drone  
  65  4:52  Overlord  
  65  4:58  Drone, Overlord  
  66  5:04  Roach  
  66  5:05  Roach x4  
  75  5:12  Roach x2  
  79  5:14  Roach x3  
  79  5:19  Extractor  
  84  5:22  Extractor  
  84  5:23  Roach  
  84  5:24  Roach x2  
  84  5:27  Roach  
  91  5:29  Overlord x2  
  91  5:32  Roach  
  94  5:37  Overlord  
  94  5:38  Roach x2  
  94  5:40  Overlord  
  98  5:44  Overlord  
  98  5:47  Overlord  
  98  5:49  Roach  
  99  5:52  Zergling x6  
  99  5:54  Zergling x2  
  99  5:55  Zergling x2  
  99  5:56  Zergling x2  
  105  5:58  Ravager x2  
  105  6:01  Zergling x4  
  105  6:02  Ravager  
  105  6:03  Zergling x2  
  111  6:06  Zergling x4  
  113  6:12  Zergling x4  
  113  6:15  Ravager  
  114  6:19  Zergling x10  
  114  6:24  Zergling x6  
  119  6:34  Roach x5  
  119  6:39  Roach x2  
  126  6:43  Roach  
  126  6:46  Roach  
  123  6:53  Zergling x4  
  118  6:57  Zergling x2  
  118  6:59  Lair  
  118  7:01  Roach x2  
  112  7:06  Roach x4  
  109  7:09  Queen, Drone x2  
  109  7:14  Zergling x6  
  109  7:20  Drone  
  104  7:23  Drone x2  
  98  7:31  Zerg Ground Armor Level 1  
  98  7:32  Drone x2  
  98  7:35  Drone x7, Extractor  
  106  7:37  Extractor  
  106  7:43  Drone x2  
  104  7:45  Drone  
  105  7:56  Drone x2  
  105  7:57  Drone  
  108  8:00  Spire  
  108  8:02  Glial Reconstitution  
  108  8:03  Hatchery  
  108  8:04  Overlord  
  106  8:06  Drone x3  
  106  8:08  Roach  
  111  8:15  Roach x3  
  117  8:20  Roach x3  
  117  8:22  Ravager x2  
  117  8:25  Roach x4  
  117  8:26  Ravager x2  
  136  8:30  Roach  
  136  8:32  Roach x3  
  144  8:35  Overlord  
  144  8:37  Roach  
  144  8:41  Roach x2  
  150  8:45  Roach x2  
  152  8:48  Roach  
  152  8:54  Roach x3  
  158  8:59  Roach x2  
  158  9:00  Ravager  
  161  9:05  Overlord x2  
  161  9:06  Overlord  
  161  9:18  Roach x3  
  161  9:24  Roach x6  
  179  9:27  Ravager x4  
  179  9:29  Roach x4  
  191  9:33  Overlord  
  191  9:39  Queen, Hydralisk Den  
  191  9:40  Roach  
  191  9:43  Burrow  
  191  9:44  Roach  
  187  9:46  Roach x2  
  187  9:51  Roach x3  
  191  9:56  Roach  
  191  9:57  Roach x2  
  191  9:59  Roach x2  
  177  10:01  Roach  
  177  10:06  Roach x3  
  160  10:09  Roach  
  160  10:11  Roach  
  160  10:13  Roach  
  144  10:15  Roach x2  
  144  10:17  Roach  
  144  10:20  Roach x2  
  142  10:25  Hydralisk x2  
  122  10:28  Spore Crawler  
  122  10:30  Spore Crawler  
  122  10:31  Hydralisk  
  122  10:32  Hydralisk  
  122  10:34  Hydralisk  
  126  10:38  Muscular Augments  
  126  10:43  Hydralisk x2  
  126  10:48  Hydralisk  
  130  10:52  Hydralisk x2  
  130  10:56  Drone x2  
  136  10:58  Hydralisk  
  136  11:01  Hydralisk x2  
  142  11:05  Hydralisk  
  142  11:07  Roach  
  146  11:11  Roach x2, Spore Crawler  
  146  11:12  Roach  
  146  11:14  Roach  
  146  11:16  Roach x2  
  157  11:19  Roach  
  157  11:21  Roach x2  
  157  11:24  Roach x2  
  167  11:31  Overlord x2  
  167  11:35  Ravager  
  167  11:37  Overlord x2  
  168  11:52  Roach x4  
  176  11:58  Roach x5  
  186  12:01  Roach x2  
  186  12:03  Spore Crawler  
  186  12:05  Roach  
  186  12:08  Roach  
  186  12:13  Roach  
  186  12:14  Roach  

Tags
 
Add a new tag
Caveats
  • Supply blocks, unpowered buildings, or Contaminate may cause inaccurate times.
  • Supply counts are checked every 10 seconds.